 Dungeon Crawl Stone Soup version 0.22-a0-439-gac93bac (webtiles) character file.

31505 Jynxie the Earth Mage (level 13, 0/113 HPs)
             Began as a Red Draconian Earth Elementalist on May 27, 2018.
             Was an Elder of Vehumet.
             Slain by a spiny frog (11 damage)
             ... on level 4 of the Lair of Beasts on May 29, 2018.
             The game lasted 01:49:45 (27948 turns).

Jynxie the Earth Mage (DrEE)                       Turns: 27948, Time: 01:49:46

Health: 0/113      AC:  8    Str: 12    XL:     13   Next: 26%
Magic:  1/16       EV: 12    Int: 20    God:    Vehumet [****..]
Gold:   671        SH:  5    Dex: 16    Spells: 3/16 levels left

rFire    + . .     SeeInvis .   J - +4 morningstar (protect)
rCold    . . .     Gourm    .   B - +0 buckler
rNeg     . . .     Faith    +   (armour unavailable)
rPois    +         Spirit   .   (helmet restricted)
rElec    .         Reflect  .   (no cloak)
rCorr    .         Harm     .   (no gloves)
MR       .....                  (no boots)
Stlth    ++........             z - amulet of faith {!P}
HPRegen  0.28/turn              y - ring of poison resistance
MPRegen  0.15/turn              H - +5 ring of dexterity

@: lethally poisoned (0 -> -11)
A: breathe fire, unfitting armour, fire resistance 1, cold-blooded, AC +8
a: Breathe Fire, Renounce Religion


You were on level 4 of the Lair of Beasts.
You worshipped Vehumet.
Vehumet was greatly pleased with you.
You were hungry.

You visited 3 branches of the dungeon, and saw 18 of its levels.

You collected 971 gold pieces.
You spent 300 gold pieces at shops.

Inventory:

Hand Weapons
 J - a +4 morningstar of protection (weapon)
   (You found it on level 2 of the Lair of Beasts)
Missiles
 b - 284 stones (quivered)
 w - 3 throwing nets {!f}
Armour
 i - a +0 shield
   (You took it off a wight on level 4 of the Dungeon)
 B - a +0 buckler (worn)
   (You found it on level 8 of the Dungeon)
Magical Staves
 j - an uncursed staff of cold
   (You took it off Fannar on level 3 of the Lair of Beasts)
 x - an uncursed staff of air
   (You found it on level 7 of the Dungeon)
 N - an uncursed staff of conjuration {!a!d}
   (You found it on level 3 of the Lair of Beasts)
Jewellery
 g - an uncursed ring of protection from fire
   (You found it on level 3 of the Dungeon)
 l - an uncursed ring of protection from magic
   (You found it on level 4 of the Lair of Beasts)
 u - an uncursed ring of fire
   (You took it off a crimson imp on level 5 of the Dungeon)
 y - a ring of poison resistance (left hand)
   (You found it on level 7 of the Dungeon)
 z - an amulet of faith (around neck) {!P}
   (You found it on level 2 of the Lair of Beasts)
 D - an uncursed ring of flight
   (You bought it in a shop on level 8 of the Dungeon)
 E - an uncursed ring of ice
   (You found it on level 8 of the Dungeon)
 H - a +5 ring of dexterity (right hand)
   (You found it on level 11 of the Dungeon)
Wands
 d - a wand of iceblast (13)
   (You found it on level 6 of the Dungeon)
 t - a wand of flame (26)
   (You took it off a big kobold on level 8 of the Dungeon)
Scrolls
 a - a scroll of holy word {unknown}
 f - 3 scrolls of enchant armour
 h - 4 scrolls of teleportation {@r4}
 n - 5 scrolls of remove curse {@r2}
 o - 3 scrolls of amnesia
 p - 2 scrolls of immolation {!r}
 s - 4 scrolls of magic mapping
 v - 4 scrolls of fear
 A - 2 scrolls of fog
 C - 5 scrolls of blinking
 L - a scroll of silence {unknown}
Potions
 c - a potion of mutation {!q}
 k - a potion of cancellation
 q - 2 potions of berserk rage
 r - 2 potions of flight
 I - a potion of haste {@q3}
Miscellaneous
 G - a lamp of fire
   (You found it on level 9 of the Dungeon)
Comestibles
 e - 12 rations {!d}
 F - 3 chunks of flesh


   Skills:
 - Level 10.0 Fighting
 - Level 10.1 Maces & Flails
 - Level 1.7 Dodging
 - Level 1.7 Stealth
 - Level 4.0 Shields
 - Level 2.0 Spellcasting
 + Level 6.9 Conjurations
 - Level 1.0 Transmutations
 - Level 16.0 Earth Magic


You had 3 spell levels left.
You knew the following spells:

 Your Spells              Type           Power        Failure   Level  Hunger
a - Sandblast             Erth           ######       0%          1    #......
c - Lee's Rapid Deconstr  Erth           ######....   1%          5    ######.
e - Petrify               Tmut/Erth      #####...     4%          4    #####..
z - Stone Arrow           Conj/Erth      #####.       1%          3    ###....

Your spell library contained the following spells:

 Spells                   Type           Power        Failure   Level  Hunger
 Magic Dart               Conj           ####         1%          1    #......
 Conjure Flame            Conj/Fire      ###.....     3%          3    ###....
 Slow                     Hex            #.......     24%         2    ##.....
 Confuse                  Hex            #.......     43%         3    ###....
 Mephitic Cloud           Conj/Pois/Air  ##......     5%          3    ###....
 Blink                    Tloc           N/A          24%         2    ##.....
 Call Imp                 Summ           #.......     24%         2    ##.....
 Regeneration             Chrm/Necr      #.........   43%         3    ###....
 Tukima's Dance           Hex            #.......     43%         3    ###....
 Confusing Touch          Hex            #.....       16%         1    #......
 Passwall                 Tmut/Erth      #####...     1%          2    ##.....
 Ensorcelled Hibernation  Hex/Ice        #.....       24%         2    ##.....
 Metabolic Englaciation   Hex/Ice        #.........   99%         5    ######.
 Corona                   Hex            #......      16%         1    #......
 Shroud of Golubria       Chrm/Tloc      #.........   24%         2    ##.....
 Dazzling Spray           Conj/Hex       ###...       3%          3    ###....
 Infusion                 Chrm           #...         16%         1    #......
 Song of Slaying          Chrm           #.......     24%         2    ##.....
 Spectral Weapon          Hex/Chrm       #.......     43%         3    ###....
 Gell's Gravitas          Tloc           #.........   43%         3    ###....
 Yara's Violent Unravell  Hex/Tmut       #.........   63%         5    ######.


Dungeon Overview and Level Annotations

Branches:
Dungeon (12/15)            Temple (1/1) D:6            Lair (5/6) D:9
  Swamp (0/4) Lair:2        Snake (0/4) Lair:4          Orc (0/2) D:10
  Slime: Lair:5-6

Altars:
Ashenzari
Cheibriados
Dithmenos
Elyvilon
Fedhas
Gozag
Hepliaklqana
Kikubaaqudgha
Makhleb
Nemelex Xobeh
Okawaru
Qazlal
Ru
Sif Muna
Trog
Uskayaw
Vehumet
Wu Jian
Xom
Yredelemnul
Zin
The Shining One

Shops:
D:5 %   D:8 *

Portals:
Trove: D:10 (give 4 potions of resistance)

Annotations:
D:3 1 runed door
Lair:4 exclusion: 3 oklob plants, Rupert


Innate Abilities, Weirdness & Mutations

You can breathe blasts of fire.
Your fiery red scales are hard. (AC +8)
You cannot fit into any form of body armour.
Your flesh is heat resistant. (rF+)
You are cold-blooded and may be slowed by cold attacks.


Message History

You feel sick. You block the yak's attack.
Found an escape hatch in the ceiling.
You feel sick.
You feel better. The spiny frog stings you!
* * * LOW HITPOINT WARNING * * *
The yak closely misses you.
There is a stone staircase leading up here.
The spiny frog closely misses you. You block the yak's attack.
The spiny frog closely misses you.
You climb upwards.
Level annotation: exclusion: 3 oklob plants, Rupert
There is a stone staircase leading down here.
You block the yak's attack. The yak gores you.
* * * LOW HITPOINT WARNING * * *
You block the spiny frog's attack.
The spiny frog stings the plant.
The wall shatters!
The blast of rock fragments hits the yak.
The blast of rock fragments hits the spiny frog.
You are feeling hungry.
The yak closely misses you.
You don't have enough magic to cast that spell.
Okay, then.
Unknown command.
Okay, then.
You are too injured to fight recklessly!
You barely miss the yak.
The spiny frog stings the plant.
The yak barely misses you.
You sock the yak!
Your weapon exudes an aura of protection.
You kill the yak!
Vehumet accepts your kill.
You feel your power returning. The spiny frog stings you!
* * * LOW HITPOINT WARNING * * *
You are poisoned.
The spiny frog poisons you!
The blast of sand hits the spiny frog.
b - 286 stones You feel sick.
You block the spiny frog's attack.
The blast of sand hits the spiny frog.
b - 285 stones You feel sick.
The spiny frog stings you!!
* * * LOW HITPOINT WARNING * * *
Okay, then.
The blast of sand hits the spiny frog.
b - 284 stones
* * * LOW HITPOINT WARNING * * *
You feel sick. The spiny frog stings you!
You die...

.................#
..)..............#
.......####..#.#.#
.#....## ##.##..##
.#....######.##...#
.......#......##..#
.[....+......###..#
.......##......'..#
P##...#####.####@.#
###....# #### #F##
......####..####.P#
..................#
...........>.....##
..................#
#.................#
##....#.....#P...##
###..####..##..#.##


You could see a spiny frog.

Vanquished Creatures
  Fannar (Lair:3)
  2 hydras (Lair:3)
  2 death yaks
  2 two-headed ogres (D:9)
  A tengu warrior (D:11)
  An ugly thing (D:8)
  The ghost of mortelune the Transmogrifier, a novice DrTm of Cheibriados (D:7)
  3 elephants (Lair:4)
  2 gargoyles (D:11)
  6 black mambas
  8 spiny frogs
  A rime drake (Lair:3)
  A centaur skeleton (D:10)
  5 komodo dragons
  A troll (D:9)
  A polar bear (Lair:4)
  4 slime creatures (D:11)
  3 blink frogs (Lair:4)
  Prince Ribbit (D:8)
  7 hippogriffs
  A vampire (D:8)
  3 wyverns
  A steam dragon (D:10)
  29 yaks
  A vampire mosquito (D:8)
  3 nagas (Lair:4)
  Edmund (D:4)
  The ghost of Tiareth the Magician, an amateur DEWz (D:4)
  6 porcupines
  5 water moccasins
  Duvessa (D:5)
  A hornet zombie (D:6)
  3 orc warriors
  A black bear (D:9)
  2 ice beasts
  2 necrophages
  2 phantoms
  3 sky beasts
  8 ogres
  8 centaurs
  8 wolves (Lair:3)
  5 crocodiles
  Blork the orc (D:5)
  2 big kobolds
  A gnoll sergeant (D:5)
  8 bullfrogs
  2 water moccasin zombies
  Dowan (D:5)
  8 scorpions
  23 killer bees
  2 wights
  6 electric eels (D:11)
  2 howler monkeys
  4 bullfrog zombies
  2 centaur zombies
  5 crimson imps
  6 hounds
  A human zombie (D:3)
  A bullfrog skeleton (D:7)
  An orc priest (D:10)
  A jelly (D:10)
  7 orc wizards
  8 iguanas
  5 hell rats
  Natasha (thrice) (D:2 D:4)
  10 worker ants
  A hound zombie (D:6)
  A hound skeleton (D:9)
  2 howler monkey zombies (D:5)
  3 worker ant zombies (D:6)
  Robin (D:2)
  3 gnolls (D:7)
  11 adders
  A howler monkey skeleton (D:6)
  5 river rats
  A shadow imp (D:7)
  An adder skeleton (D:5)
  An adder zombie (D:6)
  3 worms
  4 dart slugs
  An adder simulacrum (D:8)
  6 leopard geckos
  33 orcs
  11 bats
  7 giant cockroaches
  13 goblins
  7 hobgoblins
  2 jackals (D:3)
  23 kobolds
  5 quokkas
  A ball python (D:1)
  A ball python skeleton (D:4)
  6 frilled lizards
  A jackal skeleton (D:3)
  A kobold zombie (D:3)
  2 leopard gecko zombies
  11 rats
  A plant (D:9)
428 creatures vanquished.

Vanquished Creatures (others)
  An adder (D:10)
  17 fungi
  4 plants
22 creatures vanquished.

Grand Total: 450 creatures vanquished

Notes
Turn   | Place    | Note
-------+----------+-------------------------------------------
     0 | D:1      | Jynxie the Draconian Earth Elementalist began the quest for the Orb.
     0 | D:1      | Reached XP level 1. HP: 14/14 MP: 3/3
   157 | D:1      | Reached XP level 2. HP: 20/20 MP: 0/5
   419 | D:1      | Reached skill level 4 in Earth Magic
   873 | D:1      | Reached XP level 3. HP: 26/26 MP: 6/6
   976 | D:1      | Learned a level 3 spell: Stone Arrow
  1127 | D:2      | Noticed Natasha
  1132 | D:2      | Killed Natasha
  1465 | D:2      | Reached XP level 4. HP: 26/33 MP: 7/7
  1632 | D:2      | Reached skill level 5 in Earth Magic
  1744 | D:2      | Noticed Robin
  1817 | D:2      | Killed Robin
  3409 | D:3      | Reached XP level 5. HP: 32/38 MP: 0/8
  3513 | D:3      | Found a runed door.
  3513 | D:3      | Noticed a human
  3517 | D:3      | Found a basalt altar of Yredelemnul.
  4176 | D:4      | Reached skill level 6 in Earth Magic
  4344 | D:4      | Noticed Tiareth's ghost (amateur DEWz)
  4523 | D:4      | Found a burning altar of Makhleb.
  4523 | D:4      | Noticed a blizzard demon
  4526 | D:4      | Noticed a hellwing
  4526 | D:4      | Noticed a smoke demon
  4725 | D:4      | Noticed Natasha
  4727 | D:4      | Killed Natasha
  4727 | D:4      | Reached XP level 6. HP: 45/45 MP: 2/9
  4799 | D:4      | Reached skill level 7 in Earth Magic
  5119 | D:4      | Killed Tiareth's ghost
  5573 | D:4      | Noticed Natasha
  5577 | D:4      | Reached skill level 8 in Earth Magic
  5577 | D:4      | Your scales start taking on a fiery red colour.
  5577 | D:4      | Reached XP level 7. HP: 41/50 MP: 3/10
  5577 | D:4      | Gained mutation: Your flesh is heat resistant. (rF+) [Red Draconian growth]
  5587 | D:4      | Killed Natasha
  5674 | D:4      | Learned a level 5 spell: Lee's Rapid Deconstruction
  5826 | D:4      | Noticed Edmund
  5839 | D:4      | Killed Edmund
  6001 | D:5      | Entered Level 5 of the Dungeon
  6013 | D:5      | Noticed Dowan
  6013 | D:5      | Noticed Duvessa
  6107 | D:5      | Killed Duvessa
  6107 | D:5      | Reached skill level 9 in Earth Magic
  6412 | D:5      | Killed Dowan
  6627 | D:5      | Reached XP level 8. HP: 45/57 MP: 1/11
  6774 | D:5      | Reached skill level 10 in Earth Magic
  7101 | D:5      | Noticed Blork the orc
  7106 | D:5      | Killed Blork the orc
  7137 | D:5      | Found Yxelal's Food Emporium.
  7344 | D:5      | Reached skill level 11 in Earth Magic
  7568 | D:5      | Reached skill level 1 in Maces & Flails
  7682 | D:6      | Found a stormy altar of Qazlal.
  8442 | D:5      | Reached XP level 9. HP: 28/62 MP: 0/12
  8625 | D:6      | Reached skill level 5 in Maces & Flails
  9290 | D:6      | Found a staircase to the Ecumenical Temple.
  9379 | Temple   | Entered the Ecumenical Temple
  9454 | Temple   | Became a worshipper of Vehumet
 10441 | D:7      | Found a hide-covered altar of Uskayaw.
 10872 | D:7      | Reached * piety under Vehumet
 10872 | D:7      | Offered knowledge of Shock by Vehumet.
 11032 | D:7      | Noticed mortelune's ghost (novice DrTm)
 11784 | D:8      | Noticed Prince Ribbit
 12188 | D:8      | Reached XP level 10. HP: 69/69 MP: 7/13
 12578 | D:8      | Reached skill level 10 in Maces & Flails
 12759 | D:8      | Killed Prince Ribbit
 12759 | D:8      | Reached skill level 1 in Fighting
 12759 | D:8      | Reached skill level 1 in Shields
 12834 | D:8      | Noticed a cyan ugly thing
 12845 | D:8      | Killed a green ugly thing
 12948 | D:8      | Found Cupawauj's Assorted Antiques.
 12956 | D:8      | Bought a potion of heal wounds for 125 gold pieces
 12956 | D:8      | Bought a scratched ruby ring for 125 gold pieces
 12956 | D:8      | Bought a scroll of identify for 50 gold pieces
 13551 | D:9      | Offered knowledge of Throw Frost by Vehumet.
 13613 | D:9      | Reached ** piety under Vehumet
 13746 | D:9      | Noticed a two-headed ogre
 13785 | D:9      | Killed a two-headed ogre
 13785 | D:9      | Reached skill level 5 in Fighting
 14009 | D:9      | Offered knowledge of Ignite Poison by Vehumet.
 14515 | D:9      | Reached XP level 11. HP: 94/94 MP: 1/14
 15149 | D:9      | Found a staircase to the Lair.
 15201 | D:9      | Noticed a two-headed ogre
 15229 | D:9      | Killed a two-headed ogre
 15297 | D:9      | Found a white marble altar of Elyvilon.
 15297 | D:9      | Found a basalt altar of Yredelemnul.
 15298 | D:9      | Found a hide-covered altar of Uskayaw.
 15930 | D:10     | Entered Level 10 of the Dungeon
 16218 | D:7      | Killed mortelune's ghost
 16620 | D:10     | Reached skill level 10 in Fighting
 16661 | D:10     | Reached skill level 1 in Conjurations
 16734 | D:10     | Reached *** piety under Vehumet
 17179 | D:10     | Found a staircase to the Orcish Mines.
 17389 | D:10     | Learned a level 4 spell: Petrify
 17431 | D:10     | Found a portal to a secret trove of treasure.
 18140 | D:11     | Reached skill level 5 in Conjurations
 18140 | D:11     | Offered knowledge of Sticky Flame by Vehumet.
 18854 | D:11     | Reached **** piety under Vehumet
 19333 | D:11     | Noticed a tengu warrior
 19361 | D:11     | Killed a tengu warrior
 19781 | D:11     | Reached skill level 12 in Earth Magic
 20074 | D:11     | Offered knowledge of Venom Bolt by Vehumet.
 20616 | Lair:1   | Entered Level 1 of the Lair of Beasts
 20656 | Lair:1   | Reached XP level 12. HP: 61/106 MP: 15/15
 20953 | Lair:1   | You fall through a shaft!
 21033 | Lair:2   | Found a staircase to the Swamp.
 21345 | Lair:2   | Reached skill level 13 in Earth Magic
 21598 | Lair:1   | HP: 3/106 [hell rat (7)]
 23062 | Lair:2   | Upgraded the game from 0.22-a0-433-gd2a9cce to 0.22-a0-439-gac93bac
 23297 | Lair:3   | Noticed Snorg
 23429 | Lair:2   | Reached skill level 14 in Earth Magic
 23589 | Lair:3   | Noticed a six-headed hydra
 23606 | Lair:3   | Killed a six-headed hydra
 23851 | Lair:3   | Noticed a five-headed hydra
 23869 | Lair:3   | Killed a five-headed hydra
 23910 | Lair:3   | Noticed Fannar
 23924 | Lair:3   | Killed Fannar
 24411 | Lair:3   | Reached skill level 15 in Earth Magic
 25283 | Lair:4   | Noticed Rupert
 25452 | Lair:3   | Reached ***** piety under Vehumet
 25542 | Lair:4   | Offered knowledge of Bolt of Magma by Vehumet.
 25600 | Lair:4   | Reached XP level 13. HP: 104/113 MP: 6/16
 25601 | Lair:4   | Found a staircase to the Snake Pit.
 27144 | Lair:4   | Reached skill level 16 in Earth Magic
 27948 | Lair:4   | Slain by a spiny frog

Vault maps used:
D:1:      dpeg_arrival_radiant
D:2:      first_ration, minmay_misc_feat_four_crosses, uniq_robin, uniq_natasha
D:3:      dk_yredelemnul_ordeal
D:4:      makhleb_altar_promises_db, uniq_edmund
D:5:      serial_shops, kennysheep_mini, sword_in_stone, uniq_duvessa
D:6:      lemuel_temple_firewalk_b, basic_altar, serial_undead, serial_undead_c,
          serial_undead_d, serial_undead_c, serial_undead_c
D:7:      basic_altar
D:8:      serial_shops, shop, blue_anna_alchemist, kb_rosetta,
          uniq_prince_ribbit1
D:9:      kennysheep_kobold_camp, gammafunk_temple_overflow_claw,
          grunt_lair_entry_orc_guard_hut
D:10:     orc_0_dummy, nicolae_trove_entry_diagonal, skrybe_limestone_x,
          minmay_misc_feat_chi
D:11:     old_forge, serial_park_tiny_pond
D:12:     serial_shops, nicolae_shop_overgrown_old_shop
Temple:   regret_index_temple_mists
Lair:1:   st_stairs_7, minmay_holes, kennysheep_abandoned_house
Lair:2:   swamp_mist
Lair:3:   uniq_fannar, uniq_snorg
Lair:4:   guppyfry_snake_entry_garden, dpeg_oklob_1, uniq_rupert

Skill      XL: |  1  2  3  4  5  6  7  8  9 10 11 12 13 |
---------------+----------------------------------------+-----
Earth Magic    | 4 5 6 8 9 11 12 15 16 | 16.0
Maces & Flails | 4 9 10 | 10.1
Fighting       | 8 10 | 10.0
Shields        | 4 |  4.0
Conjurations   | 6 |  6.9
Dodging        | |  1.7
Stealth        | |  1.7
Spellcasting   | |  2.0
Transmutations | |  1.0

Action                   |  1- 3 |  4- 6 |  7- 9 | 10-12 | 13-15 || total
-------------------------+-------+-------+-------+-------+-------++-------
Melee: Dagger            |    50 |    94 |     4 |       |       ||   148
       Tailslap          |     5 |     7 |     8 |    63 |    18 ||   101
       Short sword       |       |       |    35 |       |       ||    35
       Morningstar       |       |       |   149 |   435 |    61 ||   645
Throw: Stone             |       |       |     2 |       |       ||     2
 Cast: Sandblast         |    22 |    51 |    82 |   133 |    35 ||   323
       Stone Arrow       |     2 |    31 |    60 |   210 |    23 ||   326
       Lee's Rapid Decon |       |       |    29 |    45 |     5 ||    79
       Petrify           |       |       |       |     9 |     6 ||    15
 Abil: Breathe Fire      |       |       |    13 |    17 |     1 ||    31
Evoke: Wand              |       |       |     1 |       |       ||     1
       Box of beasts     |       |       |       |     1 |       ||     1
  Use: Scroll            |     2 |     4 |     5 |    12 |     7 ||    30
       Potion            |       |       |     3 |    16 |     4 ||    23
 Stab: Sleeping          |     8 |     4 |       |     2 |       ||    14
       Petrified         |       |       |       |    15 |       ||    15
  Eat: Chunk             |     2 |    15 |    23 |    56 |       ||    96
       Ration            |       |     1 |     6 |    10 |     4 ||    21
Armor: Skin              |    21 |    19 |    74 |   135 |    35 ||   284
Dodge: Dodged            |    24 |    59 |   184 |   277 |    33 ||   577
Block: Buckler           |       |       |       |    95 |    24 ||   119

Table legend:
 A = Spawn XP
 B = Non-spawn XP
 C = Spawn XP percentage of total XP
 D = Spawn monster count
 E = Non-spawn monster count
 F = Spawn count percentage of total count
 G = Total turns spent on level
                    A         B        C        D         E        F      G
               +---------+---------+-------+---------+---------+-------+---------
         Total |       0 |   45008 |   0.0 |       0 |     427 |   0.0 | 27948
               +---------+---------+-------+---------+---------+-------+---------
           D:1 |       0 |      42 |   0.0 |       0 |      20 |   0.0 |  1124
           D:2 |       0 |     103 |   0.0 |       0 |      25 |   0.0 |  1932
           D:3 |       0 |      82 |   0.0 |       0 |      21 |   0.0 |  1243
           D:4 |       0 |     814 |   0.0 |       0 |      19 |   0.0 |  2103
           D:5 |       0 |    1427 |   0.0 |       0 |      28 |   0.0 |  2361
           D:6 |       0 |    1268 |   0.0 |       0 |      23 |   0.0 |  1394
           D:7 |       0 |    1830 |   0.0 |       0 |      28 |   0.0 |  1819
           D:8 |       0 |    2385 |   0.0 |       0 |      24 |   0.0 |  2074
           D:9 |       0 |    5738 |   0.0 |       0 |      59 |   0.0 |  2377
          D:10 |       0 |    2766 |   0.0 |       0 |      34 |   0.0 |  1507
          D:11 |       0 |    5012 |   0.0 |       0 |      48 |   0.0 |  2014
        Lair:1 |       0 |    4015 |   0.0 |       0 |      23 |   0.0 |  1770
        Lair:2 |       0 |    4062 |   0.0 |       0 |      23 |   0.0 |   918
        Lair:3 |       0 |    7716 |   0.0 |       0 |      26 |   0.0 |  2786
        Lair:4 |       0 |    6884 |   0.0 |       0 |      23 |   0.0 |  1832
        Lair:5 |       0 |     864 |   0.0 |       0 |       3 |   0.0 |    26
               +---------+---------+-------+---------+---------+-------+---------
